 Dungeon Sprint DCSS version 0.20.1-1-g8b1a95d (webtiles) character file.

11847 KristoblXynda the Unseen (level 11, -13/62 HPs)
             Began as a Spriggan Enchanter on Aug 18, 2017.
             Was the Champion of Dithmenos.
             Killed from afar by a deep elf annihilator (60 damage)
             ... with a crystal spear
             ... in the Dungeon (Sprint I: "Red Sonja").
             The game lasted 00:13:23 (2978 turns).

KristoblXynda the Unseen (Spriggan Enchanter)       Turns: 2978, Time: 00:13:25

Health: -13/62     AC:  3    Str:  5    XL:     11   Next: 54%
Magic:  9/26       EV: 28    Int: 13    God:    Dithmenos [******]
Gold:   944        SH:  0    Dex: 19    Spells: 17/30 levels left

rFire    . . .     SeeInvis +   r - +1 rapier (speed)
rCold    . . .     Gourm    .   (shield restricted)
rNeg     . . .     Faith    .   b - +0 robe
rPois    .         Spirit   .   (helmet restricted)
rElec    .         Reflect  .   a - +0 cloak
rCorr    +         Harm     .   (gloves unavailable)
MR       +++..     Rnd*Rage +   (boots unavailable) Stlth ++++++++++NoTele +
                                (no amulet)
Regen    0.2/turn               o - ring of Hag Eleo {rCorr MR+ Int-4 Slay+3}
MPRegen  0.2/turn               (no ring)

@: wreathed by umbra, very quick
A: unfitting armour, see invisible, agile 1, berserk 1, dopey 1, herbivore 3,
speed 3, magic resistance 1, slow metabolism 2, subdued magic 1
a: Shadow Step, Shadow Form, Renounce Religion


You were in the Dungeon.
You worshipped Dithmenos.
Dithmenos was exalted by your worship.
You were hungry.

You visited 1 branch You collected 1258 gold pieces.
You spent 314 gold pieces at shops.

Inventory:

Hand Weapons
 r - a +1 rapier of speed (weapon)
Armour
 a - a +0 cloak (worn)
 b - a +0 robe (worn)
Jewellery
 o - the ring of Hag Eleo (left hand) {rCorr MR+ Int-4 Slay+3}
   (You found it in the Dungeon)

   [ring of resist corrosion]

   It affects your intelligence (-4).
   It affects your accuracy and damage with ranged weapons and melee attacks
   (+3).
   It affects your resistance to hostile enchantments.
Wands
 l - a wand of paralysis (10/24)
 p - a wand of iceblast (1/15)
Scrolls
 j - 2 scrolls of blinking
 q - a scroll of identify
 s - a scroll of random uselessness {unknown}
Potions
 e - 3 potions of curing
 g - 2 potions of haste
 h - 2 potions of magic
 i - a potion of might
 k - a potion of mutation {unknown}
 m - a potion of lignification {unknown}
 n - 2 potions of flight
Books
 c - a book of Maledictions

   Spells                             Type                      Level
   a - Corona                         Hexes                        1
   b - Ensorcelled Hibernation        Hexes/Ice                    2
   c - Confuse                        Hexes                        3
   d - Tukima's Dance                 Hexes                        3
   e - Dazzling Spray                 Conjuration/Hexes            3
 f - a book of Misfortune

   Spells                             Type                      Level
   a - Confusing Touch                Hexes                        1
   b - Confuse                        Hexes                        3
   c - Gell's Gravitas                Translocation                3
   d - Petrify                        Transmutation/Earth          4
   e - Metabolic Englaciation         Hexes/Ice                    5
   f - Yara's Violent Unravelling     Hexes/Transmutation          5
Comestibles
 d - a bread ration


   Skills:
 - Level 9.0 Fighting
 + Level 9.9 Short Blades
 - Level 11.0 Dodging
 - Level 16.3 Stealth
 - Level 10.1 Spellcasting
 - Level 13.1 Hexes
 + Level 9.4 Transmutations
 + Level 6.7 Earth Magic
 + Level 12.4 Invocations
 - Level 10.0 Evocations


You had 17 spell levels left.
You knew the following spells:

 Your Spells              Type           Power        Failure   Level  Hunger
a - Corona                Hex            ####...      1%          1    None
b - Ensorcelled Hibernat  Hex/Ice        ###...       1%          2    None
c - Confuse               Hex            ####....     1%          3    #......
d - Tukima's Dance        Hex            ####....     1%          3    #......
e - Petrify               Tmut/Erth      ###.....     3%          4    ###....


Dungeon Overview and Level Annotations

Branches:
Dungeon (1/1)

Altars:
Cheibriados
Dithmenos
Elyvilon
Fedhas
Gozag
Hepliaklqana
Kikubaaqudgha
Makhleb
Nemelex Xobeh
Okawaru
Qazlal
Ru
Sif Muna
Trog
Uskayaw
Vehumet
Xom
Yredelemnul
Zin
The Shining One
Jiyva
Lugonu

Shops:
D =:%%}([=[[%[}:*[*


Innate Abilities, Weirdness & Mutations

You are very small and have problems with some larger weapons.
You are too small for most types of armour.
You have supernaturally acute eyesight. (SInv)
You are a herbivore.
You cover ground extremely quickly.
You need consume almost no food.
You are agile. (Dex +2)
You tend to lose your temper in combat.
You are dopey. (Int -2)
You are resistant to hostile enchantments. (MR+)
Your spells are a little easier to cast, but a little less powerful.


Message History

Confirm with . or Enter, or press ? or * to list all spells.
Aiming: Confuse
Press: ? - help, Shift-Dir - straight line, f/p - hellwing
Aim: a hellwing (umbra, chance to defeat MR: 26%)
The hellwing appears confused.
There is an open door here.
You catch the helpless hellwing completely off-guard!
You skewer the hellwing like a kebab!!!
The hellwing is almost dead.
You barely miss the hellwing.
The hellwing is almost dead.
Found a lamp of fire.
You strike the helpless hellwing from behind!
You impale the hellwing!!
You kill the hellwing!
Dithmenos accepts your kill.
The deep elf annihilator points at you and mumbles some strange words.
The crystal spear hits you!
Ouch! That really hurt!
You die...

#####################
#§§§§†§.§§§§§§.#^^+§§
#.####§.§§§##§)+^^#
#§# ##§§§#######'#
'.# ###+# $##@.# ###
#.##$$$#..# ..#
#§.###$#..≈# .§+
##.#A#$#..≈e} §§#
..###$#..≈.## ..#
#.##..$#..≈## .## #.
+###..≈# .# ## ≈..##
+#


You could see a deep elf annihilator.

Vanquished Creatures
  A hydra (D)
  2 centaur warriors (D)
  Sonja (D)
  2 unseen horrors (D)
  A deep troll (D)
  A lindwurm (D)
  A shining eye (D)
  An oklob plant (D)
  2 merfolk sirens (D)
  A gargoyle (D)
  4 demonic crawlers (D)
  2 kobold demonologists (D)
  A hellwing (D)
  A hornet (D)
  A slime creature (D)
  2 redbacks (D)
  Sigmund (D)
  13 hogs (D)
  A yak (D)
  4 floating eyes (D)
  7 necrophages (D)
  An ogre (D)
  8 jellies (D)
  Ijyb (D)
  A ballistomycete spore (D)
61 creatures vanquished.

Vanquished Creatures (others)
  A gargoyle (D)
  A ballistomycete spore (D)
2 creatures vanquished.

Grand Total: 63 creatures vanquished

Notes
Turn   | Place    | Note
-------+----------+-------------------------------------------
     0 | D        | KristoblXynda the Spriggan Enchanter began the quest for the Orb.
     0 | D        | Reached XP level 1. HP: 9/9 MP: 5/5
     3 | D        | Noticed Ijyb
    26 | D        | Killed Ijyb
    26 | D        | Reached skill level 6 in Stealth
    26 | D        | Reached skill level 5 in Hexes
    26 | D        | Reached XP level 2. HP: 8/13 MP: 5/8
    64 | D        | Learned a level 2 spell: Ensorcelled Hibernation
    65 | D        | Noticed an ogre
    67 | D        | Killed an ogre
    67 | D        | Reached skill level 9 in Stealth
    67 | D        | Reached XP level 3. HP: 10/16 MP: 9/12
    67 | D        | Reached XP level 4. HP: 13/21 MP: 9/13
   135 | D        | Learned a level 3 spell: Confuse
   136 | D        | Noticed Sigmund
   139 | D        | Killed Sigmund
   139 | D        | Reached skill level 11 in Stealth
   139 | D        | Reached XP level 5. HP: 20/24 MP: 13/16
   176 | D        | Found a burning altar of Makhleb.
   176 | D        | Found a viscous altar of Jiyva.
   176 | D        | Found a shimmering altar of Xom.
   176 | D        | Found a corrupted altar of Lugonu.
   176 | D        | Noticed a slime creature
   179 | D        | Killed a slime creature
   179 | D        | Reached skill level 12 in Stealth
   179 | D        | Reached skill level 10 in Hexes
   179 | D        | Reached XP level 6. HP: 27/28 MP: 16/19
   184 | D        | Learned a level 3 spell: Tukima's Dance
   185 | D        | Found a deep blue altar of Sif Muna.
   187 | D        | Found a radiant altar of Vehumet.
   215 | D        | Found Yliytt's Book Emporium.
   215 | D        | Found an ancient bone altar of Kikubaaqudgha.
   215 | D        | Found a hazy altar of Hepliaklqana.
   215 | D        | Found a hide-covered altar of Uskayaw.
   215 | D        | Found a basalt altar of Yredelemnul.
   215 | D        | Found an opulent altar of Gozag.
   215 | D        | Found a snail-covered altar of Cheibriados.
   215 | D        | Found a sacrificial altar of Ru.
   215 | D        | Found a shadowy altar of Dithmenos.
   215 | D        | Noticed a yak
   216 | D        | Found a stormy altar of Qazlal.
   216 | D        | Found a blossoming altar of Fedhas.
   216 | D        | Found a bloodstained altar of Trog.
   216 | D        | Found an iron altar of Okawaru.
   216 | D        | Found a glowing golden altar of the Shining One.
   216 | D        | Found a glowing silver altar of Zin.
   216 | D        | Found a white marble altar of Elyvilon.
   217 | D        | Killed a yak
   217 | D        | Reached skill level 13 in Stealth
   217 | D        | Reached skill level 10 in Spellcasting
   217 | D        | Reached XP level 7. HP: 35/35 MP: 19/21
   218 | D        | Found a sparkling altar of Nemelex Xobeh.
   224 | D        | Became a worshipper of Dithmenos the Shadowed
   255 | D        | Noticed a kobold demonologist
   256 | D        | Noticed a kobold demonologist
   263 | D        | Paralysed by a floating eye for 3 turns
   273 | D        | Noticed a neqoxec
   273 | D        | Killed a kobold demonologist
   273 | D        | Paralysed by a floating eye for 4 turns
   281 | D        | Noticed a hellwing
   282 | D        | Reached skill level 14 in Stealth
   291 | D        | Noticed a demonic crawler
   291 | D        | Noticed a demonic crawler
   292 | D        | Killed a kobold demonologist
   292 | D        | Reached * piety under Dithmenos
   292 | D        | Reached XP level 8. HP: 22/42 MP: 7/23
   294 | D        | Noticed a demonic crawler
   294 | D        | Noticed a demonic crawler
   527 | D        | Bought a book of Misfortune for 260 gold pieces
   532 | D        | Noticed Sonja
   536 | D        | Killed Sonja
   536 | D        | Reached skill level 5 in Fighting
   536 | D        | Reached skill level 15 in Stealth
   553 | D        | Found Wyimiwn's Jewellery Boutique.
   575 | D        | Noticed a deep troll
   579 | D        | Killed a deep troll
   579 | D        | Reached skill level 16 in Stealth
   579 | D        | Reached XP level 9. HP: 49/49 MP: 24/24
   589 | D        | Found Pajoewaa's Armour Emporium.
   616 | D        | Noticed a centaur warrior
   618 | D        | Noticed a centaur warrior
   621 | D        | Killed a centaur warrior
   621 | D        | Reached ** piety under Dithmenos
   623 | D        | Killed a centaur warrior
   643 | D        | Noticed an oklob plant
   645 | D        | Killed an oklob plant
   645 | D        | Reached XP level 10. HP: 56/56 MP: 25/25
   653 | D        | Reached *** piety under Dithmenos
   679 | D        | Noticed an unseen horror
   679 | D        | Noticed an unseen horror
   684 | D        | Killed an unseen horror
   686 | D        | Killed an unseen horror
   686 | D        | Reached skill level 10 in Dodging
   686 | D        | Reached skill level 10 in Invocations
   698 | D        | Reached **** piety under Dithmenos
   737 | D        | Reached ***** piety under Dithmenos
   949 | D        | Learned a level 4 spell: Petrify
   956 | D        | Found Ekutulok's Book Boutique.
   957 | D        | Found Ykyshrun's General Store.
   958 | D        | Found Sobbygum's General Store.
   960 | D        | Reached skill level 1 in Transmutations
   962 | D        | Reached skill level 1 in Earth Magic
   968 | D        | Reached ****** piety under Dithmenos
   968 | D        | Reached skill level 10 in Evocations
   971 | D        | Got a scorched wooden ring
   982 | D        | Identified the ring of Hag Eleo {rCorr MR+ Int-4 Slay+3} (You found it in the Dungeon)
  1009 | D        | Found Gucw's Gadget Boutique.
  1009 | D        | Found Elyuggeh's Armour Shoppe.
  1009 | D        | Found Rucobb's Food Shop.
  1009 | D        | Found Qafopi's Armour Emporium.
  1009 | D        | Found Iwiumm's Antique Armour Boutique.
  1009 | D        | Found Lyhippog's Jewellery Shoppe.
  1009 | D        | Found Warydgh's Antique Armour Shop.
  1012 | D        | Found Usohoug's Weapon Emporium.
  1013 | D        | Found Caets's Gadget Boutique.
  1013 | D        | Found Ipuziof's Food Shoppe.
  1014 | D        | Found Qotyg's Food Shop.
  1016 | D        | Bought a +0 cloak for 54 gold pieces
  1426 | D        | Killed a gargoyle
  2305 | D        | Noticed a gargoyle
  2327 | D        | Killed a gargoyle
  2327 | D        | Reached skill level 5 in Transmutations
  2327 | D        | Reached XP level 11. HP: 37/62 MP: 17/26
  2468 | D        | Noticed a shining eye
  2468 | D        | Noticed a shining eye
  2468 | D        | Noticed a shining eye
  2468 | D        | Gained mutation: You tend to lose your temper in combat. [a shining eye]
  2469 | D        | Noticed a shining eye
  2469 | D        | Noticed a shining eye
  2469 | D        | Noticed a shining eye
  2470 | D        | Noticed a shining eye
  2470 | D        | Noticed a shining eye
  2471 | D        | Killed a shining eye
  2473 | D        | Paralysed by a floating eye for 3 turns
  2500 | D        | Gained mutation: You are dopey. (Int -2) [a shining eye]
  2511 | D        | Gained mutation: Your spells are a little easier to cast, but a little less powerful. [a shining eye]
  2513 | D        | Gained mutation: You are resistant to hostile enchantments. (MR+) [a shining eye]
  2515 | D        | Paralysed by a floating eye for 2 turns
  2516 | D        | Gained mutation: You are agile. (Dex +2) [a shining eye]
  2608 | D        | Noticed a lindwurm
  2610 | D        | Killed a lindwurm
  2658 | D        | Reached skill level 5 in Earth Magic
  2721 | D        | Noticed a daeva
  2730 | D        | Noticed a 12-headed hydra
  2732 | D        | Killed a 12-headed hydra
  2766 | D        | Noticed a deep elf annihilator
  2978 | D        | Killed from afar by a deep elf annihilator

Skill      XL: |  1  2  3  4  5  6  7  8  9 10 11 |
---------------+----------------------------------+-----
Stealth        | 6 9 11 12 13 14 16 | 16.3
Spellcasting   | 4 6 8 9 10 | 10.1
Hexes          | 5 7 8 10 11 13 | 13.1
Short Blades   | 4 6 7 9 |  9.9
Fighting       | 2 4 6 8 9 |  9.0
Invocations    | 4 7 9 11 12 | 12.4
Dodging        | 8 11 | 11.0
Evocations     | 7 10 | 10.0
Transmutations | 5 9 |  9.4
Earth Magic    | 3 6 |  6.7

Action                   |  1- 3 |  4- 6 |  7- 9 | 10-12 || total
-------------------------+-------+-------+-------+-------++-------
Melee: Dagger            |    23 |     4 |    19 |    23 ||    69
       Rapier            |       |       |       |   101 ||   101
 Cast: Confuse           |       |       |     6 |    60 ||    66
       Ensorcelled Hiber |       |       |       |     5 ||     5
Evoke: Wand              |       |       |       |     4 ||     4
  Use: Potion            |     1 |       |     1 |     1 ||     3
       Scroll            |       |       |     2 |       ||     2
 Stab: Sleeping          |     1 |     4 |     6 |    20 ||    31
       Confused          |       |       |     4 |    18 ||    22
       Paralysed         |       |       |       |     2 ||     2
       Distracted        |       |       |       |     1 ||     1
Armor: Robe              |     2 |       |     3 |     1 ||     6
Dodge: Dodged            |    11 |       |    12 |   147 ||   170
